 Dungeon Sprint DCSS version 0.28.0-53-g5a82cb258f (webtiles) character file.

Game seed: 4351671183619064043

15534 Groucho the Spry (level 12, -6/66 HPs)
             Began as a Felid Enchanter on July 19, 2022.
             Was the Champion of Dithmenos.
             Mangled by a fenstrider witch (20 damage)
             ... while paralysed by a fenstrider witch
             ... in the Dungeon (Sprint IX: "|||||||||||||||||||||||||||||").
             The game lasted 00:30:51 (14215 turns).

Groucho the Spry (Felid Enchanter)                 Turns: 14215, Time: 00:30:52

Health: -6/66      AC:  3    Str:  8    XL:     12   Next: 2%
Magic:  30/30      EV:  4    Int: 17    God:    Dithmenos [******]
Gold:   107        SH:  0    Dex: 20    Spells: 26/37 levels left
                                        Lives:  0   Deaths: 3

rFire   . . .      SeeInvis +     - Unarmed
rCold   + . .      Faith    .   (shield unavailable)
rNeg    . . .      Spirit   .   (armour unavailable)
rPois   .          Reflect  +   (helmet unavailable)
rElec   .          Harm     .   (cloak unavailable)
rCorr   .          Rampage  .   (gloves unavailable)
Will    +....      NoTele   +   (boots unavailable) Stlth ***+++++++
                                n - amulet of reflection
HPRegen 0.21/turn               h - +3 ring of dexterity
MPRegen 0.22/turn               m - +4 ring of evasion

@: paralysed, wreathed by umbra, quick
A: very small, claws 1, fangs 3, see invisible, speed 1, shaggy fur 3, stealthy
paws, no weapons or thrown items, no armour, multi-lived
a: Renounce Religion, Shadow Step, Shadow Form


You were in the Dungeon.
You worshipped Dithmenos.
Dithmenos was exalted by your worship.
You visited 1 branch You collected 1919 gold pieces.
You spent 1812 gold pieces at shops.

Inventory:

Hand Weapons
 t - a +0 whip
Jewellery
 h - a +3 ring of dexterity (left paw)
 i - a +2 ring of protection
 m - a +4 ring of evasion (right paw)
 n - an amulet of reflection (around neck)
 s - a ring of resist corrosion
 v - a ring of willpower
 w - a ring of ice
 x - a ring of fire
 y - a ring of protection from fire
Wands
 f - a wand of acid (7)
Scrolls
 d - 2 scrolls of amnesia
 g - 3 scrolls of blinking
 k - 4 scrolls of identify
 l - 3 scrolls of fear
 u - a scroll of fog
Potions
 a - a potion of invisibility
 b - 13 potions of curing
 e - 4 potions of magic
 j - 2 potions of berserk rage
 o - a potion of brilliance
 p - a potion of haste
 r - 2 potions of attraction


   Skills:
 * Level 16.2 Fighting
 * Level 20.8 Dodging
 - Level 16.2 Stealth
 * Level 18.0 Unarmed Combat
 + Level 13.1 Spellcasting
 - Level 5.0 Conjurations
 - Level 15.0 Hexes
 - Level 5.0 Ice Magic
 - Level 4.0 Invocations
 - Level 7.0 Evocations


You had 26 spell levels left.
You knew the following spells:

 Your Spells              Type           Power      Damage    Failure   Level
a - Confusing Touch       Hex            58%        N/A       1%          3
b - Ensorcelled Hibernat  Hex/Ice        90%        N/A       1%          2
c - Dazzling Flash        Conj/Hex       90%        N/A       1%          3
d - Tukima's Dance        Hex            58%        N/A       1%          3

Your spell library contained the following spells:

 Spells                   Type           Power      Damage    Failure   Level


Dungeon Overview and Level Annotations

Branches:
Dungeon (1/1)

Altars:
Cheibriados
Dithmenos
Elyvilon
Fedhas
Gozag
Hepliaklqana
Kikubaaqudgha
Makhleb
Nemelex Xobeh
Okawaru
Qazlal
Ru
Sif Muna
Trog
Uskayaw
Vehumet
Wu Jian
Xom
Yredelemnul
Zin
The Shining One
Beogh
Jiyva
Lugonu

Shops:
D *=?


Innate Abilities, Weirdness & Mutations

You have sharp claws.
You have razor-sharp teeth.
You have supernaturally acute eyesight. (SInv)
You cover ground quickly. (Speed+)
Your thick and shaggy fur keeps you warm. (AC +3, rC+)
Your paws help you pounce on unaware monsters.
You are incapable of wielding weapons or throwing items.
You cannot wear armour.
You gain extra lives every three experience levels.


Message History

Casting: Ensorcelled Hibernation (safe; 1% risk of failure)
Confirm with . or Enter, or press ? or * to list all spells.
Your paws begin to glow red.
The fenstrider witch shouts!
You scratch the fenstrider witch but do no damage.
Your bite misses the fenstrider witch. Your shadow hits the fenstrider witch.
You scratch the fenstrider witch but do no damage.
You bite the fenstrider witch, but do no damage.
The fenstrider witch is lightly wounded.
The fenstrider witch hits you!!
You emit a cloud of dark smoke.
The fenstrider witch completely misses you.
You scratch the fenstrider witch but do no damage.
Your shadow hits the fenstrider witch but does no damage.
The fenstrider witch gestures at you while chanting.
You resist with some effort.
You scratch the fenstrider witch but do no damage.
You bite the fenstrider witch, but do no damage.
The fenstrider witch casts a spell at you.
Your body is wracked with pain!
You emit a cloud of dark smoke.
Okay, then.
Press: ? - help, v - describe, . - travel
Here: a fenstrider witch, wearing a +0 robe (black smoke, chance to confuse on hit: 12%, umbra)
An open door to the Spider Nest, spattered with blood.
You feel better. The fenstrider witch hits you!!
* * * LOW HITPOINT WARNING * * *
The fenstrider witch completely misses you.
Unknown command.
The fenstrider witch misses you.
The fenstrider witch completely misses you.
The fenstrider witch points at you and mumbles some strange words.
You resist with some effort.
Your paws stop glowing.
The fenstrider witch gestures at you while chanting.
You resist with some effort.
The fenstrider witch gestures at you while chanting.
You suddenly lose the ability to move!
The fenstrider witch casts a spell at you.
You struggle to resist.
The fenstrider witch hits you!!
You die...

▓.▓.▓.▓.▓.▓.▓.▓.▓.▓
▓.▓.▓'▓.▓)▓.▓.▓.▓.▓
▓.▓.▓.▓.▓)▓.▓.▓.▓.▓
▓)▓.▓.▓.▓)▓.▓.▓.▓.▓
▓'▓.▓.▓.▓)▓.▓.▓.▓.▓
▓.▓.▓.▓.▓.▓.▓.▓.▓.▓
▓.▓.▓.▓.▓.▓.▓.▓.▓.▓
▓.▓.▓.▓.▓.▓.▓.▓)▓H▓
▓<▓...▓.))▓...▓.@(▓
▓▓▓▓▓▓▓▓▓▓▓▓▓▓▓▓▓▓▓


You could see a fenstrider witch.

Vanquished Creatures
  Gastronok (D)
  A fire giant (D)
  A broodmother (D)
  A vampire knight (D)
  A stone giant (D)
  An eleionoma (D)
  An entropy weaver (D)
  A merfolk javelineer (D)
  2 fire dragons (D)
  A rakshasa (D)
  2 anacondas (D)
  2 hydras (D)
  A centaur warrior (D)
  A two-headed ogre (D)
  A tengu warrior (D)
  2 alligators (D)
  An orc high priest (D)
  Urug (D)
  2 shock serpents (D)
  A pharaoh ant (D)
  A spriggan druid (D)
  A naga ritualist (D)
  A steelbarb worm (D)
  4 orc knights (D)
  2 ugly things (D)
  A harpy (D)
  3 orc sorcerers (D)
  A wolf spider (D)
  2 manticores (D)
  2 moths of wrath (D)
  A merfolk siren (D)
  2 elephants (D)
  A water nymph (D)
  A guardian serpent (D)
  2 black mambas (D)
  A cane toad (D)
  A gargoyle (D)
  An efreet (D)
  A rime drake (D)
  2 komodo dragons (D)
  2 hornets (D)
  2 trolls (D)
  2 merfolk (D)
  A meliai (D)
  A tarantella (D)
  A wind drake (D)
  A raiju (shapeshifter) (D)
  2 blink frogs (D)
  2 spriggans (D)
  A wraith (D)
  A jumping spider (D)
  A water elemental (D)
  6 yaks (D)
  2 shadows (D)
  A wyvern (D)
  A fire bat (shapeshifter) (D)
  A naga (D)
  A warg (D)
  A hell hound (D)
  11 orc warriors (D)
  7 wolves (D)
  A phantom (D)
  3 bullfrogs (D)
  6 orc priests (D)
  An ufetubus (D)
  A dart slug (D)
  13 orcs (D)
  A bat skeleton (D)
  A ball python zombie (D)
  2 bats (D)
  A kobold (D)
  A quokka zombie (D)
  2 rats (D)
137 creatures vanquished.

Vanquished Creatures (others)
  A dancing weapon (D)
  An orc (D)
2 creatures vanquished.

Grand Total: 139 creatures vanquished

Notes
Turn   | Place    | Note
-------+----------+-------------------------------------------
     0 | D        | Groucho the Felid Enchanter began the quest for the Orb.
     0 | D        | Reached XP level 1. HP: 7/7 MP: 4/4
    32 | D        | Reached skill level 5 in Stealth
   506 | D        | Noticed a phantom
   509 | D        | Reached XP level 2. HP: 11/11 MP: 6/6
   524 | D        | Killed a phantom
   525 | D        | Reached XP level 3. HP: 10/14 MP: 7/7
   525 | D        | Reached XP level 4. HP: 12/18 MP: 8/8
   886 | D        | Found a snail-covered altar of Cheibriados.
   886 | D        | Found a shadowy altar of Dithmenos.
   886 | D        | Found a white marble altar of Elyvilon.
   886 | D        | Found a blossoming altar of Fedhas.
   886 | D        | Found an opulent altar of Gozag.
   887 | D        | Found a hazy altar of Hepliaklqana.
   888 | D        | Found a viscous altar of Jiyva.
   889 | D        | Found an ancient bone altar of Kikubaaqudgha.
   890 | D        | Found a corrupted altar of Lugonu.
   891 | D        | Found a burning altar of Makhleb.
   892 | D        | Found a sparkling altar of Nemelex Xobeh.
   893 | D        | Found an iron altar of Okawaru.
   894 | D        | Found a stormy altar of Qazlal.
   895 | D        | Found a sacrificial altar of Ru.
   896 | D        | Found a shimmering blue altar of Sif Muna.
   897 | D        | Found a bloodstained altar of Trog.
   898 | D        | Found a hide-covered altar of Uskayaw.
   899 | D        | Found a radiant altar of Vehumet.
   900 | D        | Found an ornate altar of the Wu Jian Council.
   901 | D        | Found a shimmering altar of Xom.
   902 | D        | Found a basalt altar of Yredelemnul.
   903 | D        | Found a glowing silver altar of Zin.
   904 | D        | Found a glowing golden altar of the Shining One.
   925 | D        | Became a worshipper of Dithmenos the Shadowed
   964 | D        | Noticed a troll
   964 | D        | Noticed a yak
   964 | D        | Noticed a shadow
   964 | D        | Noticed a wyvern
   974 | D        | Killed a wyvern
   975 | D        | Reached XP level 5. HP: 21/21 MP: 8/12
   989 | D        | Slain by a shadow
   990 | D        | Reached XP level 4. HP: -2/18 MP: 9/11
  1005 | D        | Killed a shadow
  1005 | D        | Reached * piety under Dithmenos
  1006 | D        | Reached skill level 5 in Spellcasting
  1006 | D        | Reached XP level 5. HP: 8/21 MP: 11/13
  1459 | D        | Gained mutation: You are covered in thick fur. (AC +2)
                  | [Felid growth]
  1459 | D        | Reached XP level 6. HP: 24/24 MP: 15/15
  1466 | D        | Killed a yak
  1467 | D        | Reached skill level 4 in Dodging
  1471 | D        | Learned a level 3 spell: Confusing Touch
  1474 | D        | Learned a level 2 spell: Ensorcelled Hibernation
  1478 | D        | Learned a level 3 spell: Dazzling Flash
  1482 | D        | Learned a level 3 spell: Tukima's Dance
  1490 | D        | Killed a troll
  1490 | D        | Reached ** piety under Dithmenos
  1491 | D        | Reached skill level 5 in Dodging
  1491 | D        | Reached skill level 10 in Hexes
  1491 | D        | Reached XP level 7. HP: 31/31 MP: 11/17
  1710 | D        | Noticed a two-headed ogre
  1710 | D        | Noticed a gargoyle
  1710 | D        | Noticed a wraith
  1710 | D        | Noticed a troll
  1710 | D        | Noticed a six-headed hydra
  1710 | D        | Noticed a shadow
  1712 | D        | Killed a shadow
  1721 | D        | Killed a six-headed hydra
  1722 | D        | Reached skill level 5 in Fighting
  1722 | D        | Reached skill level 7 in Dodging
  1722 | D        | Reached XP level 8. HP: 37/37 MP: 16/20
  1725 | D        | Killed a troll
  1726 | D        | Reached skill level 10 in Unarmed Combat
  1737 | D        | Reached skill level 8 in Dodging
  1743 | D        | Killed a gargoyle
  1743 | D        | Reached *** piety under Dithmenos
  1744 | D        | Reached XP level 9. HP: 37/41 MP: 9/22
  1750 | D        | Killed a two-headed ogre
  1751 | D        | Reached skill level 9 in Dodging
  1751 | D        | Reached skill level 15 in Stealth
  2231 | D        | Noticed a komodo dragon
  2237 | D        | Killed a komodo dragon
  2237 | D        | Reached **** piety under Dithmenos
  2239 | D        | Noticed a rime drake
  2245 | D        | Reached skill level 10 in Dodging
  2256 | D        | Killed a rime drake
  2256 | D        | Reached ***** piety under Dithmenos
  2259 | D        | Reached XP level 10. HP: 29/48 MP: 1/24
  2574 | D        | Noticed an elephant
  2574 | D        | Noticed a six-headed hydra
  2575 | D        | Noticed an elephant
  2576 | D        | Noticed a cane toad
  2584 | D        | Reached skill level 11 in Dodging
  2584 | D        | Reached skill level 1 in Ice Magic
  2584 | D        | Reached skill level 1 in Invocations
  2594 | D        | Killed a six-headed hydra
  2606 | D        | Killed an elephant
  2609 | D        | Killed an elephant
  2610 | D        | Reached skill level 12 in Dodging
  2643 | D        | Killed a cane toad
  2643 | D        | Reached ****** piety under Dithmenos
  3058 | D        | Reached skill level 10 in Spellcasting
  3072 | D        | Reached skill level 15 in Hexes
  3462 | D        | Noticed Urug
  3971 | D        | Killed Urug
  3972 | D        | Reached skill level 13 in Dodging
  4082 | D        | Reached XP level 11. HP: 54/54 MP: 19/26
  4407 | D        | Reached skill level 10 in Fighting
  4659 | D        | Reached skill level 1 in Conjurations
  4911 | D        | Noticed an orc knight
  4924 | D        | Killed an orc knight
  5226 | D        | Noticed an orc sorcerer
  5229 | D        | Killed an orc sorcerer
  5230 | D        | Reached skill level 14 in Dodging
  5267 | D        | Found Tidaexku's Distillery.
  5267 | D        | Noticed an orc sorcerer
  5269 | D        | Noticed a soul eater
  5272 | D        | Noticed an orc knight
  5288 | D        | Killed an orc sorcerer
  5382 | D        | Killed an orc knight
  5682 | D        | Noticed an orc knight
  5698 | D        | Killed an orc knight
  5757 | D        | Noticed an orc knight
  5763 | D        | Killed an orc knight
  5764 | D        | Reached skill level 5 in Ice Magic
  5773 | D        | Found Mawesch's Magic Scroll Shop.
  5777 | D        | Found Rofrius's Jewellery Boutique.
  5781 | D        | Found Fiphohoqam's General Store.
  5784 | D        | Noticed an orc sorcerer
  5787 | D        | Noticed an orc high priest
  6073 | D        | Killed an orc sorcerer
  6100 | D        | Killed an orc high priest
  6101 | D        | Reached skill level 15 in Dodging
  6129 | D        | Bought a +4 ring of evasion for 432 gold pieces
  6129 | D        | Bought an amulet of reflection for 360 gold pieces
  6133 | D        | Bought a potion of berserk rage for 60 gold pieces
  6133 | D        | Bought a potion of curing for 36 gold pieces
  6133 | D        | Bought a potion of curing for 36 gold pieces
  6133 | D        | Bought a potion of brilliance for 48 gold pieces
  6133 | D        | Bought a potion of haste for 120 gold pieces
  6133 | D        | Bought a potion of flight for 36 gold pieces
  6133 | D        | Bought 2 potions of heal wounds for 120 gold pieces
  6133 | D        | Bought 2 potions of attraction for 72 gold pieces
  6133 | D        | Bought a potion of heal wounds for 60 gold pieces
  6133 | D        | Bought a potion of curing for 36 gold pieces
  6137 | D        | Bought a ring of resist corrosion for 240 gold pieces
  6139 | D        | Bought a potion of curing for 33 gold pieces
  6139 | D        | Bought a +0 whip for 27 gold pieces
  6143 | D        | Bought a scroll of identify for 24 gold pieces
  6143 | D        | Bought a scroll of identify for 24 gold pieces
  6143 | D        | Bought a scroll of identify for 24 gold pieces
  6143 | D        | Bought a scroll of fog for 24 gold pieces
  6493 | D        | Noticed Gastronok
  6527 | D        | Killed Gastronok
  6995 | D        | Noticed a white ugly thing
  6995 | D        | Noticed a white ugly thing
  6995 | D        | Noticed a centaur warrior
  6997 | D        | Killed a centaur warrior
  6999 | D        | Killed a white ugly thing
  7000 | D        | Noticed a fire giant
  7005 | D        | Reached skill level 16 in Dodging
  7012 | D        | Killed a white ugly thing
  7015 | D        | Gained mutation: Your thick and shaggy fur keeps you warm.
                  | (AC +3, rC+) [Felid growth]
  7015 | D        | Reached XP level 12. HP: 43/61 MP: 18/28
  7016 | D        | Noticed a stone giant
  7018 | D        | Reached skill level 5 in Conjurations
  7018 | D        | Noticed a vampire knight
  7018 | D        | Noticed a tengu warrior
  7018 | D        | Noticed a fire dragon
  7018 | D        | Noticed a fire dragon
  7018 | D        | Noticed a rakshasa
  7019 | D        | Killed a fire giant
  7020 | D        | Reached skill level 15 in Unarmed Combat
  7042 | D        | Paralysed by a vampire knight for 5 turns
  7046 | D        | Annihilated by a vampire knight
  7047 | D        | Reached XP level 11. HP: -37/58 MP: 10/27
  7589 | D        | Killed a vampire knight
  7590 | D        | Reached skill level 17 in Dodging
  7817 | D        | Killed a stone giant
  7818 | D        | Reached skill level 1 in Evocations
  9875 | D        | Killed a rakshasa
  9879 | D        | Killed a fire dragon
 10240 | D        | Killed a fire dragon
 10243 | D        | Killed a tengu warrior
 10527 | D        | Noticed a pharaoh ant
 10527 | D        | Noticed a steelbarb worm
 10527 | D        | Noticed a wolf spider
 10528 | D        | Noticed a broodmother
 10529 | D        | Killed a wolf spider
 10530 | D        | Reached skill level 18 in Dodging
 10559 | D        | Killed a steelbarb worm
 10573 | D        | Killed a pharaoh ant
 10659 | D        | Noticed an entropy weaver
 10660 | D        | Killed a broodmother
 10661 | D        | Reached XP level 12. HP: 56/64 MP: 15/29
 10663 | D        | Killed an entropy weaver
 10997 | D        | Noticed an anaconda
 10997 | D        | Noticed an anaconda
 10999 | D        | Killed an anaconda
 11000 | D        | Reached skill level 19 in Dodging
 11000 | D        | Reached skill level 5 in Evocations
 11003 | D        | Killed an anaconda
 11315 | D        | Reached skill level 15 in Fighting
 11836 | D        | Noticed a merfolk javelineer
 12042 | D        | Killed a merfolk javelineer
 12095 | D        | Reached skill level 20 in Dodging
 12922 | D        | Noticed an eleionoma
 12922 | D        | Noticed an alligator
 12922 | D        | Noticed an alligator
 12931 | D        | Noticed a fenstrider witch
 12950 | D        | Killed an alligator
 12954 | D        | Killed an alligator
 12964 | D        | Mangled by a spriggan rider
 12965 | D        | Reached XP level 11. HP: -7/62 MP: 17/29
 13402 | D        | Killed an eleionoma
 13882 | D        | Reached XP level 12. HP: 25/66 MP: 28/30
 14211 | D        | Paralysed by a fenstrider witch for 5 turns
 14215 | D        | Mangled by a fenstrider witch

Illustrated notes

Levels and vault maps discovered:
D:        linesprint [early_d, line_temple, items_1, d_10, items_2, lair_1,
          lair_end, items_3, orc_1, orc_end, items_4, d_15, swamp_1, shoals_1,
          snake_1, spider_1, d_20, vaults_1, items_5, swamp_end, shoals_end,
          snake_end, spider_end, vaults_end, d_27, items_6, zot_1, zot_end,
          crypt_end, forest_end, elf_end, slime_end, tomb_end, abyss_end,
          pan_hell_end]

Skill      XL: |  1  2  3  4  5  6  7  8  9 10 11 12 |
---------------+-------------------------------------+-----
Unarmed Combat | 2 6 8 9 10 11 12 18 17 | 18.0
Stealth        | 5 9 12 13 14 16 | 16.2
Spellcasting   | 5 6 7 8 9 10 12 13 | 13.1
Hexes          | 9 10 11 12 14 15 | 15.0
Fighting       | 3 5 6 7 9 14 16 | 16.2
Dodging        | 5 7 8 10 13 18 20 | 20.8
Ice Magic      | 3 5 |  5.0
Invocations    | 4 |  4.0
Conjurations   | 4 5 |  5.0
Evocations     | 4 7 |  7.0

Action                   |  1- 3 |  4- 6 |  7- 9 | 10-12 || total
-------------------------+-------+-------+-------+-------++-------
Melee: Unarmed           |    37 |    39 |    29 |   275 ||   380
       Bite              |     2 |     6 |     1 |    35 ||    44
       Punch             |     1 |     3 |     3 |    24 ||    31
 Cast: Ensorcelled Hiber |       |     2 |    16 |   143 ||   161
       Confusing Touch   |       |       |     3 |    23 ||    26
       Dazzling Flash    |       |       |       |     2 ||     2
       Tukima's Dance    |       |       |       |     2 ||     2
Invok: Shadow Step       |       |       |       |    26 ||    26
Evoke: Wand              |       |       |       |     3 ||     3
  Use: Potion            |     3 |     1 |     1 |    15 ||    20
       Scroll            |       |       |       |     1 ||     1
 Stab: Sleeping          |     2 |     1 |    11 |    83 ||    97
       Invisible         |       |     2 |       |     2 ||     4
       Confused          |       |       |     3 |     8 ||    11
       Distracted        |       |       |     1 |       ||     1
Armor: Skin              |     9 |     1 |       |     5 ||    15
Dodge: Dodged            |    28 |    21 |    14 |   199 ||   262
Block: Other             |       |       |       |    32 ||    32
       Reflection        |       |       |       |     1 ||     1
